 Dungeon Crawl Stone Soup version 0.31-a0-108-gdf935468f2 (webtiles) character file.

Game seed: 7636550222995631880

157 Drazool the Cudgeller (level 5, -2/67 HPs)
             Began as a Meteoran Fighter on May 27, 2023.
             Was an Initiate of Okawaru.
             Killed from afar by an orc wizard (6 damage)
             ... with a puff of flame
             ... on level 5 of the Dungeon.
             The game lasted 00:09:52 (1443 turns).

Drazool the Cudgeller (Meteoran Fighter)            Turns: 1443, Time: 00:09:53

Health: -2/67      AC: 22    Str: 19    XL:     5   Next: 99%
Magic:  6/6        EV:  2    Int: 10    God:    Okawaru [......]
Gold:   211        SH:  0    Dex: 13    Spells: 4/4 levels left

rFire   . . .        p - +1 flail (drain)
rCold   . . .        c - +0 buckler
rNeg    . . .        b - melded +0 scale mail
rPois   +            r - melded +1 helmet {SInv}
rElec   .            (cloak currently unavailable)
rCorr   .            i - melded +0 pair of gloves
SInv    .            g - melded +1 pair of boots
Will    .....        (no amulet)
Stlth   +            (no ring)
HPRegen 0.31/turn    (no ring)
MPRegen 0.10/turn

%: no passive effects
@: confused, tree-form, glowing
A: stationary, stasis, torment immunity, boosted hp, sense surroundings 1,
otherworldly, glowing, explore regen
a: Renounce Religion


You were on level 5 of the Dungeon.
You worshipped Okawaru.
Okawaru was noncommittal.
You were a tree.
You visited 2 branches of the dungeon, and saw 7 of its levels.

You collected 211 gold pieces.


Innate Abilities, Weirdness & Mutations

You are a tree.
Your roots penetrate the ground, keeping you stationary.
You cannot be teleported.
You are immune to unholy pain and torment.
Your maximum health is greatly increased.
Your equipment is partially melded.
You passively map a small area around you.
You are easily found by Zot.
You glow in the dark.
You regain HP and MP as you explore.


   Skills:
 - Level 3.2 Fighting
 + Level 7.2 Maces & Flails
 - Level 3.6 Armour
 - Level 3.6 Shields


You had 4 spell levels left.
You didn't know any spells.
Your spell library contained the following spells:

 Spells                   Type           Power      Damage    Failure   Level
 Magic Dart               Conj           0%         1d3       43%         1
 Searing Ray              Conj           0%         2d4       56%         2
 Sublimation of Blood     Necr           0%         N/A       56%         2
 Fulminant Prism          Conj/Hex       0%         3d5       99%         4
 Petrify                  Tmut/Erth      0%         N/A       99%         4
 Irradiate                Conj/Tmut      0%         3d11      100%        5

Inventory:

Hand Weapons
 a - a +0 flail
 l - a +2 dagger of draining
 p - a +1 flail of draining (weapon)
Missiles
 x - 6 poisoned darts (quivered)
Armour
 b - a +0 scale mail (melded)
 c - a +0 buckler (worn)
 g - a +1 pair of boots (melded)
 i - a +0 pair of gloves (melded)
 k - a +2 hat
 o - a +0 ring mail of willpower
 r - a +1 helmet of see invisible (melded)
Scrolls
 f - a scroll of noise {unknown}
 m - a scroll of blinking
 q - 2 scrolls of enchant weapon {unknown}
 t - 2 scrolls of teleportation {unknown}
Potions
 d - a potion of might
 h - a potion of curing {unknown}
 j - 2 potions of invisibility {unknown}
 n - a potion of haste {unknown}
 s - a potion of enlightenment {unknown}
 u - a potion of degeneration {unknown}
 v - a potion of brilliance {unknown}
 w - a potion of cancellation {unknown}

Dungeon Overview and Level Annotations

Branches:
Dungeon (6/15) Zot: 2150   Temple (1/1) D:4 Zot: 583

Altars:
Ashenzari
Cheibriados
Dithmenos
Elyvilon
Gozag
Kikubaaqudgha
Makhleb
Nemelex Xobeh
Okawaru
Qazlal
Trog
Uskayaw
Vehumet
Xom
Zin
The Shining One

Shops:
D:2 : D:3

= *
#................#
#................#
** *
#................#*
,
##..................
,
*#................##
, ,.
####............## ,
, #. #####.........#
*
*#.##..oo..>##....#
, , * ###....{♣.###
##### #......o###
#......o..####
#........o...#
#........)).....# *
##............... *
#......?........
#.........!.....
#...=..........#


You could see an orc priest and 3 orcs.


Message History

Your +1 pair of boots melds into your body.
Your +0 scale mail melds into your body.
You feel less perceptive.
Your roots penetrate the ground.
You block the orc's attack.
The orc priest mumbles some strange prayers to Beogh against you.
Beogh smites you!
* * * LOW HITPOINT WARNING * * *
The orc priest hits you with a +0 hand axe.
* * * LOW HITPOINT WARNING * * *
The orc hits you but does no damage. Something hits you but does no damage.
Deactivating autopickup; reactivate with Ctrl-A.
You cannot move.
Unknown command.
You barely miss the orc. The orc hits you but does no damage. x2
The orc priest hits you but does no damage.
You hear some strange, mumbled words.
You are confused.
You cannot move. (Use ctrl+direction or * direction to attack while stationary and confused.) Unknown command.
You cannot move. (Use ctrl+direction or * direction to attack while stationary and confused.) Unknown command.
You hit the orc.
The orc is lightly wounded.
The orc hits you but does no damage.
The orc priest calls upon Beogh to heal the orc.
The orc hits you but does no damage.
You hear some strange, mumbled words.
A puff of flame appears from out of thin air!
The puff of flame hits you.
You die...

Skill      XL: |  1  2  3  4  5 |
---------------+----------------+-----
Maces & Flails | 3 4 5 6 7 |  7.2
Fighting       | |  3.2
Armour         | |  3.6
Shields        | |  3.6

Action                     |  1- 3 |  4- 6 || total
---------------------------+-------+-------++-------
  Melee: Flail             |    72 |    68 ||   140
    Use: Scroll            |     4 |       ||     4
         Potion            |       |     1 ||     1
 Armour: Scale mail        |    39 |    39 ||    78
         Skin              |       |     7 ||     7
  Dodge: Dodged            |    29 |    23 ||    52
  Block: Buckler           |    15 |    14 ||    29

Levels and vault maps discovered:
D:1:      kilobyte_arrival_exit_the_forest, layout_basic, serial_glass,
          glass_columns_b, glass_columns_b, minmay_misc_feat_tower
D:2:      layout_rooms, serial_glass, glass_columns_a, glass_columns_b,
          glass_columns_b, minmay_strange_pillars, due_unseen_surprise,
          serial_shops, nicolae_shop_peninsula
D:3:      layout_loops_ring, mainiacjoe_overflow_catwalk, st_stairs_13,
          nicolae_shop_unique_rings, uniq_crazy_yiuf_cottage, uniq_terence
D:4:      minmay_chambers_of_fours, layout_loops_cross,
          nicolae_overflow_crystal_walls, gammafunk_temple_overflow_pools,
          minmay_temple_entry_sparse_star
D:5:      layout_cave_pods, minmay_lizard_king
D:6:      layout_basic
Temple:   dpeg_three_leaves_temple

Notes
Turn   | Place    | Note
-------+----------+-------------------------------------------
     0 | D:1      | Drazool the Meteoran Fighter began the quest for the Orb.
     0 | D:1      | Reached XP level 1. HP: 19/19 MP: 2/2
   171 | D:1      | Reached skill level 3 in Maces & Flails
   192 | D:1      | Reached XP level 2. HP: 26/26 MP: 3/3
   290 | D:1      | Reached skill level 4 in Maces & Flails
   290 | D:1      | Reached XP level 3. HP: 31/31 MP: 4/4
   450 | D:2      | Found Peteub's Book Emporium.
   562 | D:2      | Reached skill level 5 in Maces & Flails
   709 | D:3      | Found Cech's One-of-a-Kind Rings.
   730 | D:3      | Reached XP level 4. HP: 38/38 MP: 5/5
   840 | D:3      | Found a burning altar of Makhleb.
   882 | D:3      | Noticed Terence
   889 | D:3      | Killed Terence
   890 | D:3      | Reached skill level 6 in Maces & Flails
   910 | D:3      | Reached XP level 5. HP: 43/45 MP: 6/6
  1163 | D:4      | Found a broken altar of Ashenzari.
  1270 | D:4      | Found a staircase to the Ecumenical Temple.
  1284 | D:4      | Reached skill level 7 in Maces & Flails
  1287 | Temple   | Entered the Ecumenical Temple
  1295 | Temple   | Became a worshipper of Warmaster Okawaru
  1378 | D:4      | You fall into a shaft and drop 2 floors!
  1387 | D:5      | Entered Level 5 of the Dungeon
  1441 | D:5      | HP: 4/67 [orc priest/+0 hand axe (3)]
  1443 | D:5      | Killed from afar by an orc wizard

Vanquished Creatures
  An orc priest (D:4)
  Terence (D:3)
  A gnoll (D:1)
  4 adders
  A worm (D:2)
  A dart slug (D:1)
  8 orcs
  4 bats
  3 endoplasms
  A giant cockroach (D:1)
  4 goblins
  4 jackals (D:2)
  2 quokkas
  3 ball pythons
  A frilled lizard (D:3)
  5 kobolds
  3 rats
47 creatures vanquished.

Table legend: (Time is in decaauts)
 A = Elapsed time spent in this place.
 B = Non-inter-level travel time spent in this place.
 C = Inter-level travel time spent in this place.
 D = Time resting spent in this place.
 E = Time spent auto-exploring this place.
 F = Levels seen in this place.
 G = Mean time per level.
                   A        B        C        D        E       F      G
               +--------+--------+--------+--------+--------+-----+--------+
         Total |   1465 |   1343 |    122 |      0 |    145 |   7 |  209.3 |
       Dungeon |   1448 |   1326 |    122 |      0 |    145 |   6 |  241.3 |
        Temple |     16 |     16 |      0 |      0 |      0 |   1 |   16.0 |
               +--------+--------+--------+--------+--------+-----+--------+

Top non-repeatable levels by time:
     D:3: 495 daAuts
     D:1: 379 daAuts
     D:2: 306 daAuts
     D:4: 201 daAuts
     D:5: 56 daAuts
  Temple: 16 daAuts
     D:6: 8 daAuts

Table legend:
 A = Non-vault XP
 B = Vault XP
 C = Vault XP percentage of total XP
 D = Non-vault monster count
 E = Vault monster count
 F = Vault count percentage of total count
                 A         B        C        D         E       F
            +---------+---------+-------+---------+---------+-------
      Total |     188 |      37 |  16.4 |      45 |       2 |   4.3
            +---------+---------+-------+---------+---------+-------
        D:1 |      27 |       0 |   0.0 |       7 |       0 |   0.0
        D:2 |      27 |       0 |   0.0 |      14 |       0 |   0.0
        D:3 |      41 |      37 |  47.4 |      11 |       2 |  15.4
        D:4 |      71 |       0 |   0.0 |       9 |       0 |   0.0
        D:5 |      22 |       0 |   0.0 |       4 |       0 |   0.0
            +---------+---------+-------+---------+---------+-------
